NCAA
MARYLAND TERRAPINS @ FLORIDA STATE SEMINOLES
05/15/2030
 
TOP OF THE 1ST
Maryland Terrapins batting - Pitching for Florida State Seminoles : LHP Chris Kerr
Pitching: LHP Chris Kerr
Batting: SHB Philippe Paquin 0-0: Called Strike
0-1: Ball
1-1: Ball
2-1: Fly out, F9 (Flyball, 9LM)
Batting: LHB Winston Roberts 0-0: Ball
1-0: Foul Ball, location: 2F
1-1: Foul Ball, location: 2F
1-2: SINGLE (Line Drive, 7LS)
Batting: SHB Will Allen 0-0: Fielders Choice at 2nd, 3-6 (Groundball, 3)
Batting: RHB Jeff O'Day 0-0: Ball
1-0: Hit by Pitch
Will Allen to second
Batting: RHB José Lazu 0-0: Ball
1-0: Ball
2-0: Fly out, F9 (Flyball, 9)
Top of the 1st over - 0 runs, 1 hit, 0 errors, 2 left on base; Maryland 0 - Florida State 0
BOTTOM OF THE 1ST
Florida State Seminoles batting - Pitching for Maryland Terrapins : LHP Greg Johnston
Pitching: LHP Greg Johnston
Batting: LHB Jeff Stevens 0-0: Ball
1-0: SINGLE (Line Drive, 78M)
Batting: LHB Millard Myers 0-0: Ball
1-0: Ball
2-0: Foul Ball, location: 2F
2-1: Ball
3-1: 2-RUN HOME RUN (Flyball, 9LD), Distance : 322 ft
Batting: LHB Connor Moss 0-0: Called Strike
0-1: Foul Ball, location: 2F
0-2: Ball
1-2: Ball
2-2: Strikes out swinging
Batting: RHB Bill Rice 0-0: Called Strike
0-1: Ball
1-1: Ball
2-1: SINGLE (Flyball, 7S)
Batting: RHB Edgar Muńóz 0-0: Ball
1-0: Ground out 5-3 (Groundball, 5S)
Bill Rice to second
Batting: RHB Quentin Underwood 0-0: Foul Ball, location: 2F
0-1: Ball
1-1: Called Strike
1-2: Ground out 6-3 (Groundball, 6)
Bottom of the 1st over - 2 runs, 3 hits, 0 errors, 1 left on base; Maryland 0 - Florida State 2
TOP OF THE 2ND
Maryland Terrapins batting - Pitching for Florida State Seminoles : LHP Chris Kerr
Batting: RHB Kris Brown 0-0: Ball
1-0: Called Strike
1-1: Ball
2-1: Swinging Strike
2-2: Ball
3-2: Strikes out looking
Batting: LHB Charlie Johnston 0-0: SINGLE (Line Drive, 56D)
Batting: RHB Les McCarty 0-0: 2-RUN HOME RUN (Flyball, 7D), Distance : 357 ft
Batting: RHB Ben Barnes 0-0: Ball
1-0: Ball
2-0: Ball
3-0: Base on Balls
Batting: SHB Philippe Paquin 0-0: Ball
1-0: Ball
2-0: Foul Ball, location: 2F
2-1: Ball
3-1: Called Strike
3-2: Base on Balls
Ben Barnes to second
Batting: LHB Winston Roberts 0-0: SINGLE (Groundball, 4MD)
Ben Barnes to third
Philippe Paquin to second
Runner from 3rd tries for Home, SAFE, no throw
Batting: SHB Will Allen 0-0: Ball
1-0: Called Strike
1-1: Ball
2-1: Swinging Strike
2-2: Foul Ball, location: 2F
2-2: Foul Ball, location: 2F
2-2: Strikes out swinging
Batting: RHB Jeff O'Day 0-0: Ball
1-0: Fielders Choice at 2nd, 6-4 (Groundball, 6)
Top of the 2nd over - 3 runs, 3 hits, 0 errors, 2 left on base; Maryland 3 - Florida State 2
BOTTOM OF THE 2ND
Florida State Seminoles batting - Pitching for Maryland Terrapins : LHP Greg Johnston
Batting: RHB Harry Ray 0-0: Called Strike
0-1: Foul Ball, location: 2F
0-2: DOUBLE (Flyball, 8RD)
Batting: RHB António Costello 0-0: Ball
1-0: Ground out 5-3 (Groundball, 56S)
Harry Ray to third
Batting: RHB Gil Olson 0-0: Foul Ball, location: 2F
0-1: Ball
1-1: Swinging Strike
1-2: Fly out, F6 (Line Drive, 56)
Batting: LHB Jeff Stevens 0-0: Ball
1-0: Swinging Strike
1-1: Swinging Strike
1-2: Strikes out swinging
Bottom of the 2nd over - 0 runs, 1 hit, 0 errors, 1 left on base; Maryland 3 - Florida State 2
TOP OF THE 3RD
Maryland Terrapins batting - Pitching for Florida State Seminoles : LHP Chris Kerr
Batting: RHB José Lazu 0-0: Ball
1-0: Called Strike
1-1: Fly out, F6 (Popup, 6MS)
Batting: RHB Kris Brown 0-0: Ball
1-0: Called Strike
1-1: Foul Ball, location: 2F
1-2: Strikes out swinging
Batting: LHB Charlie Johnston 0-0: Ball
1-0: SINGLE (Line Drive, 8RS)
Batting: RHB Les McCarty 0-0: Swinging Strike
0-1: Called Strike
0-2: Ball
1-2: Fly out, F8 (Flyball, 8LD)
Top of the 3rd over - 0 runs, 1 hit, 0 errors, 1 left on base; Maryland 3 - Florida State 2
BOTTOM OF THE 3RD
Florida State Seminoles batting - Pitching for Maryland Terrapins : LHP Greg Johnston
Batting: LHB Millard Myers 0-0: Foul Ball, location: 2F
0-1: Ball
1-1: Ball
2-1: Ball
3-1: Foul Ball, location: 2F
3-2: Strikes out swinging
Batting: LHB Connor Moss 0-0: SINGLE (Groundball, 3D)
Batting: RHB Bill Rice 0-0: Ball
1-0: Ball
Connor Moss is caught stealing 2nd base
2-0: Foul Ball, location: 2F
2-1: Swinging Strike
2-2: Foul Ball, location: 2F
2-2: Ball
3-2: Fly out, F9 (Flyball, 89M)
Bottom of the 3rd over - 0 runs, 1 hit, 0 errors, 0 left on base; Maryland 3 - Florida State 2
TOP OF THE 4TH
Maryland Terrapins batting - Pitching for Florida State Seminoles : LHP Chris Kerr
Batting: RHB Ben Barnes 0-0: SINGLE (Line Drive, 56)
Batting: SHB Philippe Paquin 0-0: SINGLE (Groundball, 6D)
Ben Barnes to second
Batting: LHB Winston Roberts 0-0: Foul Ball, location: 2F
0-1: Called Strike
0-2: SINGLE (Line Drive, 6MD)
Ben Barnes to third
Philippe Paquin to second
Batting: SHB Will Allen 0-0: Foul Ball, location: 2F
0-1: SINGLE (Line Drive, 56)
Ben Barnes scores
Philippe Paquin to third
Winston Roberts to second
Pitching: RHP Alfredo Sánchez
Batting: RHB Jeff O'Day 0-0: Called Strike
0-1: Called Strike
0-2: Fly out, F5 (Popup, 5SF)
Batting: RHB José Lazu 0-0: Called Strike
0-1: Ball
1-1: Foul Ball, location: 2F
1-2: Ball
2-2: Ball
3-2: Base on Balls
Philippe Paquin scores
Winston Roberts to third
Will Allen to second
Batting: RHB Kris Brown 0-0: Ball
1-0: Ball
2-0: Called Strike
2-1: Fly out, F7 (Flyball, 7LD)
Runner from 3rd tags up, SCORES, no throw
Batting: LHB Charlie Johnston 0-0: Called Strike
0-1: Called Strike
0-2: Ball
1-2: DOUBLE (Line Drive, 7)
Will Allen scores
José Lazu to third
Runner from 3rd tries for Home, SAFE, no throw
Batting: RHB Les McCarty 0-0: Ball
1-0: Ground out 1-3 (Groundball, 13)
Top of the 4th over - 5 runs, 5 hits, 0 errors, 1 left on base; Maryland 8 - Florida State 2
BOTTOM OF THE 4TH
Florida State Seminoles batting - Pitching for Maryland Terrapins : LHP Greg Johnston
Batting: RHB Edgar Muńóz 0-0: Fly out, F4 (Line Drive, 4)
Batting: RHB Quentin Underwood 0-0: Ball
1-0: Ball
2-0: Ball
3-0: Called Strike
3-1: Called Strike
3-2: Foul Ball, location: 2F
3-2: Base on Balls
Batting: RHB Harry Ray 0-0: Called Strike
0-1: Swinging Strike
0-2: Strikes out looking
Quentin Underwood steals 2nd base
Batter strikes out.
Batting: RHB António Costello 0-0: Ball
1-0: Called Strike
1-1: Foul Ball, location: 2F
1-2: Foul Ball, location: 2F
1-2: Ball
2-2: Strikes out swinging, 2-3 out at first.
Bottom of the 4th over - 0 runs, 0 hits, 0 errors, 1 left on base; Maryland 8 - Florida State 2
TOP OF THE 5TH
Maryland Terrapins batting - Pitching for Florida State Seminoles : RHP Alfredo Sánchez
Batting: RHB Ben Barnes 0-0: Ground out 4-3 (Groundball, 4S)
Batting: SHB Philippe Paquin 0-0: Ball
1-0: Ball
2-0: Ball
3-0: Called Strike
3-1: Called Strike
3-2: Strikes out looking
Batting: LHB Winston Roberts 0-0: Swinging Strike
0-1: Hit by Pitch
Batting: SHB Will Allen 0-0: Called Strike
0-1: Swinging Strike
0-2: Foul Ball, location: 2F
0-2: Foul Ball, location: 2F
0-2: Strikes out looking
Top of the 5th over - 0 runs, 0 hits, 0 errors, 1 left on base; Maryland 8 - Florida State 2
BOTTOM OF THE 5TH
Florida State Seminoles batting - Pitching for Maryland Terrapins : LHP Greg Johnston
Batting: RHB Gil Olson 0-0: Called Strike
0-1: Fly out, F7 (Flyball, 7LS)
Batting: LHB Jeff Stevens 0-0: Foul Ball, location: 2F
0-1: Ball
1-1: Called Strike
1-2: Ground out U3 (Groundball, 34)
Batting: LHB Millard Myers 0-0: Called Strike
0-1: Foul Ball, location: 2F
0-2: Ball
1-2: Fly out, F9 (Flyball, 89D)
Bottom of the 5th over - 0 runs, 0 hits, 0 errors, 0 left on base; Maryland 8 - Florida State 2
TOP OF THE 6TH
Maryland Terrapins batting - Pitching for Florida State Seminoles : RHP Alfredo Sánchez
Batting: RHB Jeff O'Day 0-0: SINGLE (Groundball, 4D)
Batting: RHB José Lazu 0-0: Called Strike
0-1: Ball
1-1: SINGLE (Groundball, 56D)
Jeff O'Day to second
Batting: RHB Kris Brown 0-0: Called Strike
0-1: Ball
1-1: Swinging Strike
1-2: SINGLE (Line Drive, 7LS)
Jeff O'Day to third
José Lazu to second
Batting: LHB Charlie Johnston 0-0: Fielders Choice at 2nd, 3-6 (Groundball, 3)
Jeff O'Day scores
José Lazu to third
Batting: RHB Les McCarty 0-0: Ball
1-0: Fly out, F7 (Flyball, 7LM)
Runner from 3rd tags up, SCORES, throw made
Pitching: LHP Rick Wolf
Now in LF: Alberto Flores
Batting: RHB Ben Barnes 0-0: SINGLE (Line Drive, 6M)
Charlie Johnston to second
Batting: SHB Philippe Paquin 0-0: Ball
1-0: Foul Ball, location: 2F
1-1: Fly out, F8 (Line Drive, 8LXD)
Top of the 6th over - 2 runs, 4 hits, 0 errors, 2 left on base; Maryland 10 - Florida State 2
BOTTOM OF THE 6TH
Florida State Seminoles batting - Pitching for Maryland Terrapins : LHP Greg Johnston
Batting: LHB Connor Moss 0-0: Ground out 6-3 (Groundball, 6)
Batting: RHB Bill Rice 0-0: Ball
1-0: Called Strike
1-1: Called Strike
1-2: Foul Ball, location: 2F
1-2: Ball
2-2: Fly out, F8 (Line Drive, 89M)
Batting: RHB Edgar Muńóz 0-0: Ball
1-0: Ball
2-0: Ball
3-0: Called Strike
3-1: Foul Ball, location: 2F
3-2: SINGLE (Groundball, 23) (infield hit)
Pitching: RHP Álex Crus
Batting: RHB Quentin Underwood 0-0: SINGLE (Groundball, 6) (infield hit)
Edgar Muńóz to second
Batting: RHB Harry Ray 0-0: SINGLE (Flyball, 78S)
Edgar Muńóz to third
Quentin Underwood to second
Batting: RHB António Costello 0-0: Ball
1-0: Ball
2-0: Swinging Strike
2-1: Ball
3-1: Foul Ball, location: 2F
3-2: Base on Balls
Edgar Muńóz scores
Quentin Underwood to third
Harry Ray to second
Batting: RHB Gil Olson 0-0: Ball
1-0: Ball
2-0: Foul Ball, location: 2F
2-1: Ball
3-1: Foul Ball, location: 2F
3-2: Base on Balls
Quentin Underwood scores
Harry Ray to third
António Costello to second
Batting: RHB Alberto Flores 0-0: Fly out, F5 (Line Drive, 56S)
Bottom of the 6th over - 2 runs, 3 hits, 0 errors, 3 left on base; Maryland 10 - Florida State 4
TOP OF THE 7TH
Maryland Terrapins batting - Pitching for Florida State Seminoles : LHP Rick Wolf
Batting: LHB Winston Roberts 0-0: Foul Ball, location: 2F
0-1: Foul Ball, location: 2F
0-2: Fly out, F8 (Flyball, 78M)
Batting: SHB Will Allen 0-0: Foul Ball, location: 2F
0-1: Ball
1-1: Ball
2-1: Foul Ball, location: 2F
2-2: Foul Ball, location: 2F
2-2: Foul Ball, location: 2F
2-2: Ball
3-2: Strikes out swinging, 2-3 out at first.
Batting: RHB Jeff O'Day 0-0: Foul Ball, location: 2F
0-1: Ground out 5-3 (Groundball, 5)
Top of the 7th over - 0 runs, 0 hits, 0 errors, 0 left on base; Maryland 10 - Florida State 4
BOTTOM OF THE 7TH
Florida State Seminoles batting - Pitching for Maryland Terrapins : RHP Álex Crus
Now at SS: Michael Wilson
Batting: LHB Millard Myers 0-0: Ball
1-0: Swinging Strike
1-1: Ball
2-1: Ball
3-1: Base on Balls
Batting: LHB Connor Moss 0-0: Ball
1-0: Ball
2-0: Foul Ball, location: 2F
2-1: Ball
3-1: 2-RUN HOME RUN (Flyball, 9LD), Distance : 333 ft
Pitching: LHP John Peters
Batting: RHB Bill Rice 0-0: Ball
1-0: Called Strike
1-1: Foul Ball, location: 2F
1-2: Ball
2-2: Foul Ball, location: 2F
2-2: Fly out, F7 (Flyball, 78M)
Batting: RHB Edgar Muńóz 0-0: Called Strike
0-1: Ball
1-1: Called Strike
1-2: DOUBLE (Line Drive, 78D)
Batting: RHB Quentin Underwood 0-0: Called Strike
0-1: Foul Ball, location: 2F
0-2: Ball
1-2: Ball
2-2: SINGLE (Groundball, 4S) (infield hit)
Edgar Muńóz to third
Batting: RHB Harry Ray 0-0: Called Strike
0-1: Ball
Wild Pitch!
Edgar Muńóz scores
Quentin Underwood to second
1-1: Ball
2-1: Swinging Strike
2-2: Ball
3-2: Foul Ball, location: 2F
3-2: Base on Balls
Batting: RHB António Costello 0-0: Fielders Choice at 2nd, 1-4 (Groundball, 15S)
Quentin Underwood to third
Batting: RHB Gil Olson 0-0: Ball
1-0: Ball
António Costello steals 2nd base
2-0: Called Strike
2-1: Swinging Strike
2-2: Strikes out swinging
Bottom of the 7th over - 3 runs, 3 hits, 0 errors, 2 left on base; Maryland 10 - Florida State 7
TOP OF THE 8TH
Maryland Terrapins batting - Pitching for Florida State Seminoles : LHP Rick Wolf
Batting: RHB José Lazu 0-0: Ball
1-0: Swinging Strike
1-1: Foul Ball, location: 2F
1-2: Strikes out swinging
Batting: RHB Kris Brown 0-0: Called Strike
0-1: Ball
1-1: Ball
2-1: Fly out, F3 (Popup, 34)
Batting: LHB Charlie Johnston 0-0: Ball
1-0: Ground out 1-3 (Groundball, 13)
Top of the 8th over - 0 runs, 0 hits, 0 errors, 0 left on base; Maryland 10 - Florida State 7
BOTTOM OF THE 8TH
Florida State Seminoles batting - Pitching for Maryland Terrapins : LHP John Peters
Batting: RHB Alberto Flores 0-0: Ball
1-0: Called Strike
1-1: Called Strike
1-2: Strikes out swinging
Batting: LHB Millard Myers 0-0: Ball
1-0: DOUBLE (Line Drive, 9LS)
Batting: LHB Connor Moss 0-0: Foul Ball, location: 2F
0-1: Foul Ball, location: 2F
0-2: Ball
1-2: Strikes out looking
Batting: RHB Bill Rice 0-0: Fly out, F3 (Popup, 3SF)
Bottom of the 8th over - 0 runs, 1 hit, 0 errors, 1 left on base; Maryland 10 - Florida State 7
TOP OF THE 9TH
Maryland Terrapins batting - Pitching for Florida State Seminoles : LHP Rick Wolf
Pitching: RHP Jim Gorman
Batting: RHB Les McCarty 0-0: Called Strike
0-1: Swinging Strike
0-2: Strikes out swinging
Batting: RHB Ben Barnes 0-0: Ball
1-0: Called Strike
1-1: Fly out, F8 (Flyball, 89S)
Batting: SHB Philippe Paquin 0-0: SINGLE (Flyball, 9S)
Batting: LHB Michael Wilson 0-0: Ball
Philippe Paquin steals 2nd base
1-0: Ball
2-0: Ball
3-0: Base on Balls
Batting: SHB Will Allen 0-0: Called Strike
0-1: Ball
1-1: Ball
2-1: Ball
3-1: Base on Balls
Philippe Paquin to third
Michael Wilson to second
Batting: RHB Jeff O'Day 0-0: Called Strike
0-1: Swinging Strike
0-2: Strikes out swinging
Top of the 9th over - 0 runs, 1 hit, 0 errors, 3 left on base; Maryland 10 - Florida State 7
BOTTOM OF THE 9TH
Florida State Seminoles batting - Pitching for Maryland Terrapins : LHP John Peters
Pitching: RHP David Wilson
Batting: RHB Edgar Muńóz 0-0: SINGLE (Groundball, 56D)
Batting: RHB Quentin Underwood 0-0: Ball
1-0: Swinging Strike
1-1: Hit by Pitch
Edgar Muńóz to second
Batting: RHB Harry Ray 0-0: Foul Ball, location: 2F
0-1: SINGLE (Groundball, 56D)
Edgar Muńóz to third
Quentin Underwood to second
Batting: RHB António Costello 0-0: Called Strike
0-1: Hit by Pitch
Edgar Muńóz scores
Quentin Underwood to third
Harry Ray to second
Batting: RHB Gil Olson 0-0: Called Strike
0-1: Grounds into fielders choice 1-2 (Groundball, 15S)
Harry Ray to third
António Costello to second
Pinch Hitting: RHB Dewitt Gray 0-0: Ball
1-0: Ball
2-0: Foul Ball, location: 2F
2-1: SINGLE (Line Drive, 7)
Harry Ray scores
António Costello to third
Gil Olson to second
Throwing error, E7
António Costello scores
Gil Olson to third
Dewitt Gray to second
Batting: LHB Millard Myers 0-0: Intentional Walk
Pitching: LHP Eugene Hernández
Batting: LHB Connor Moss 0-0: Called Strike
0-1: Foul Ball, location: 2F
0-2: Strikes out swinging
Batting: RHB Bill Rice 0-0: Fielders Choice at 2nd, 6-4 (Groundball, 6)
Bottom of the 9th over - 3 runs, 3 hits, 1 error, 3 left on base; Maryland 10 - Florida State 10
TOP OF THE 10TH
Maryland Terrapins batting - Pitching for Florida State Seminoles : RHP Jim Gorman
Now in LF: Pat Young
Batting: RHB José Lazu 0-0: Called Strike
0-1: Called Strike
0-2: Ball
1-2: Foul Ball, location: 2F
1-2: Ball
2-2: Ball
3-2: Strikes out swinging
Batting: RHB Kris Brown 0-0: Ground out 5-3 (Groundball, 56S)
Batting: LHB Charlie Johnston 0-0: Ball
1-0: Ball
2-0: Ball
3-0: Base on Balls
Pinch Runner at 1st Mike Weeks:
Batting: RHB Les McCarty 0-0: Called Strike
0-1: Ball
1-1: Ball
2-1: Fly out, F6 (Line Drive, 6)
Top of the 10th over - 0 runs, 0 hits, 0 errors, 1 left on base; Maryland 10 - Florida State 10
BOTTOM OF THE 10TH
Florida State Seminoles batting - Pitching for Maryland Terrapins : LHP Eugene Hernández
Now in LF: Mike Weeks
Batting: RHB Edgar Muńóz 0-0: Called Strike
0-1: Ball
1-1: Called Strike
1-2: Foul Ball, location: 2F
1-2: Ground out 5-3 (Groundball, 5)
Batting: RHB Quentin Underwood 0-0: Foul Ball, location: 2F
0-1: SINGLE (Line Drive, 34D)
Batting: RHB Harry Ray 0-0: Ball
1-0: Called Strike
1-1: Fly out, F7 (Line Drive, 7)
Batting: RHB António Costello 0-0: Ball
1-0: Called Strike
1-1: Fly out, F7 (Line Drive, 7LM)
Bottom of the 10th over - 0 runs, 1 hit, 0 errors, 1 left on base; Maryland 10 - Florida State 10
TOP OF THE 11TH
Maryland Terrapins batting - Pitching for Florida State Seminoles : RHP Jim Gorman
Batting: RHB Ben Barnes 0-0: Foul Ball, location: 2F
0-1: Called Strike
0-2: Ball
1-2: Strikes out swinging
Batting: SHB Philippe Paquin 0-0: Called Strike
0-1: Swinging Strike
0-2: Ball
1-2: Strikes out looking
Batting: LHB Michael Wilson 0-0: Ball
1-0: Foul Ball, location: 2F
1-1: Called Strike
1-2: Ground out 4-3 (Groundball, 4S)
Top of the 11th over - 0 runs, 0 hits, 0 errors, 0 left on base; Maryland 10 - Florida State 10
BOTTOM OF THE 11TH
Florida State Seminoles batting - Pitching for Maryland Terrapins : LHP Eugene Hernández
Batting: RHB Gil Olson 0-0: Ball
1-0: Called Strike
1-1: Called Strike
1-2: Ball
2-2: Foul Ball, location: 2F
2-2: Ball
3-2: Base on Balls
Batting: RHB Pat Young 0-0: Ball
1-0: Fly out, F5 (Popup, 25F)
Batting: LHB Millard Myers 0-0: Ball
1-0: Ball
2-0: Ball
3-0: Called Strike
3-1: Called Strike
3-2: Base on Balls
Gil Olson to second
Batting: LHB Connor Moss 0-0: Swinging Strike
0-1: Swinging Strike
0-2: Fly out, F8 (Line Drive, 8LM)
Runner from 2nd tags up, SAFE at 3rd with throw
Batting: RHB Bill Rice 0-0: Ball
1-0: Ball
2-0: Foul Ball, location: 2F
2-1: Foul Ball, location: 2F
2-2: Strikes out swinging
Bottom of the 11th over - 0 runs, 0 hits, 0 errors, 2 left on base; Maryland 10 - Florida State 10
TOP OF THE 12TH
Maryland Terrapins batting - Pitching for Florida State Seminoles : RHP Jim Gorman
Batting: SHB Will Allen 0-0: Ball
1-0: Ball
2-0: Ball
3-0: Called Strike
3-1: Base on Balls
Batting: RHB Jeff O'Day 0-0: Ball
1-0: Ball
2-0: Ball
3-0: Called Strike
3-1: Called Strike
3-2: Base on Balls
Will Allen to second
Batting: RHB José Lazu 0-0: Hit by Pitch
Will Allen to third
Jeff O'Day to second
Batting: RHB Kris Brown 0-0: Ball
1-0: Ball
2-0: Called Strike
2-1: Swinging Strike
2-2: Strikes out swinging
Batting: RHB Mike Weeks 0-0: Ball
1-0: Called Strike
1-1: Ball
2-1: Foul Ball, location: 2F
2-2: Foul Ball, location: 2F
2-2: Strikes out swinging
Batting: RHB Les McCarty 0-0: Ball
1-0: Foul Ball, location: 2F
1-1: Foul Ball, location: 2F
1-2: Fielders Choice at 2nd, 5-4 (Groundball, 56)
Top of the 12th over - 0 runs, 0 hits, 0 errors, 3 left on base; Maryland 10 - Florida State 10
BOTTOM OF THE 12TH
Florida State Seminoles batting - Pitching for Maryland Terrapins : LHP Eugene Hernández
Batting: RHB Edgar Muńóz 0-0: Swinging Strike
0-1: Fly out, F9 (Flyball, 9S)
Batting: RHB Quentin Underwood 0-0: Foul Ball, location: 2F
0-1: Ball
1-1: Ball
2-1: Called Strike
2-2: Foul Ball, location: 2F
2-2: Ball
3-2: Foul Ball, location: 2F
3-2: Fly out, F3 (Popup, 23F)
Batting: RHB Harry Ray 0-0: Swinging Strike
0-1: Swinging Strike
0-2: Ball
1-2: Ball
2-2: SINGLE (Line Drive, 6MD)
Batting: RHB António Costello 0-0: Ball
Wild Pitch!
Harry Ray to second
1-0: Intentional Walk
Batting: RHB Gil Olson 0-0: Swinging Strike
0-1: Ball
Wild Pitch!
Harry Ray to third
António Costello to second
1-1: Intentional Walk
Batting: RHB Pat Young 0-0: Fielders Choice at 2nd, 5-4 (Groundball, 56)
Bottom of the 12th over - 0 runs, 1 hit, 0 errors, 3 left on base; Maryland 10 - Florida State 10
TOP OF THE 13TH
Maryland Terrapins batting - Pitching for Florida State Seminoles : RHP Jim Gorman
Batting: RHB Ben Barnes 0-0: Ball
1-0: Called Strike
1-1: Swinging Strike
1-2: Ball
2-2: Strikes out swinging
Batting: SHB Philippe Paquin 0-0: Ball
1-0: Foul Ball, location: 2F
1-1: Ball
2-1: Foul Ball, location: 2F
2-2: Strikes out swinging
Batting: LHB Michael Wilson 0-0: SINGLE (Line Drive, 4M)
Pitching: RHP Will Stevens
Batting: SHB Will Allen 0-0: Called Strike
Michael Wilson is caught stealing 2nd base
Top of the 13th over - 0 runs, 1 hit, 0 errors, 0 left on base; Maryland 10 - Florida State 10
BOTTOM OF THE 13TH
Florida State Seminoles batting - Pitching for Maryland Terrapins : LHP Eugene Hernández
Batting: LHB Millard Myers 0-0: Ball
1-0: Fly out, F3 (Line Drive, 3S)
Batting: LHB Connor Moss 0-0: Ball
1-0: Ball
2-0: Ball
3-0: Base on Balls
Pitching: RHP Millard Jackson
Batting: RHB Bill Rice 0-0: Ball
1-0: Called Strike
1-1: Ball
2-1: Ball
3-1: Foul Ball, location: 2F
3-2: Strikes out swinging
Batting: RHB Edgar Muńóz 0-0: Ball
1-0: Called Strike
1-1: Ball
2-1: Foul Ball, location: 2F
2-2: Ball
3-2: Strikes out swinging
Bottom of the 13th over - 0 runs, 0 hits, 0 errors, 1 left on base; Maryland 10 - Florida State 10
TOP OF THE 14TH
Maryland Terrapins batting - Pitching for Florida State Seminoles : RHP Will Stevens
Batting: SHB Will Allen 0-0: Ground out 6-3 (Groundball, 6)
Batting: RHB Jeff O'Day 0-0: Swinging Strike
0-1: Ball
1-1: Foul Ball, location: 2F
1-2: Strikes out swinging
Batting: RHB José Lazu 0-0: Foul Ball, location: 2F
0-1: Foul Ball, location: 2F
0-2: SINGLE (Line Drive, 4MD)
Batting: RHB Kris Brown 0-0: Foul Ball, location: 2F
0-1: Ball
1-1: Foul Ball, location: 2F
1-2: Foul Ball, location: 2F
1-2: Fly out, F9 (Flyball, 89M)
Top of the 14th over - 0 runs, 1 hit, 0 errors, 1 left on base; Maryland 10 - Florida State 10
BOTTOM OF THE 14TH
Florida State Seminoles batting - Pitching for Maryland Terrapins : RHP Millard Jackson
Batting: RHB Quentin Underwood 0-0: Ball
1-0: Ball
2-0: Foul Ball, location: 2F
2-1: Foul Ball, location: 2F
2-2: Ball
3-2: Foul Ball, location: 2F
3-2: Ground out 4-3 (Groundball, 4)
Batting: RHB Harry Ray 0-0: SINGLE (Groundball, 56S) (infield hit)
Batting: RHB António Costello 0-0: Called Strike
0-1: Called Strike
0-2: Strikes out swinging
Throwing error on steal attempt, E2
Harry Ray to third
Batting: RHB Gil Olson 0-0: Intentional Walk
Batting: RHB Pat Young 0-0: Fly out, F9 (Flyball, 9S)
Bottom of the 14th over - 0 runs, 1 hit, 1 error, 2 left on base; Maryland 10 - Florida State 10
TOP OF THE 15TH
Maryland Terrapins batting - Pitching for Florida State Seminoles : RHP Will Stevens
Batting: RHB Mike Weeks 0-0: Called Strike
0-1: Fly out, F8 (Line Drive, 8RM)
Batting: RHB Les McCarty 0-0: Foul Ball, location: 2F
0-1: Ball
1-1: Foul Ball, location: 2F
1-2: Foul Ball, location: 2F
1-2: Strikes out swinging
Batting: RHB Ben Barnes 0-0: Fly out, F3 (Popup, 3)
Top of the 15th over - 0 runs, 0 hits, 0 errors, 0 left on base; Maryland 10 - Florida State 10
BOTTOM OF THE 15TH
Florida State Seminoles batting - Pitching for Maryland Terrapins : RHP Millard Jackson
Batting: LHB Millard Myers 0-0: Ball
1-0: Called Strike
1-1: Swinging Strike
1-2: Ball
2-2: Strikes out looking
Batting: LHB Connor Moss 0-0: Ball
1-0: Ball
2-0: Called Strike
2-1: Ball
3-1: Swinging Strike
3-2: Foul Ball, location: 2F
3-2: Base on Balls
Batting: RHB Bill Rice 0-0: Ball
1-0: Ball
2-0: Foul Ball, location: 2F
2-1: Ball
3-1: Called Strike
3-2: Foul Ball, location: 2F
3-2: Foul Ball, location: 2F
3-2: Foul Ball, location: 2F
3-2: Ground out 4-3 (Groundball, 4)
Connor Moss to second
Batting: RHB Edgar Muńóz 0-0: Intentional Walk
Batting: RHB Quentin Underwood 0-0: Fly out, F7 (Flyball, 7LS)
Bottom of the 15th over - 0 runs, 0 hits, 0 errors, 2 left on base; Maryland 10 - Florida State 10
TOP OF THE 16TH
Maryland Terrapins batting - Pitching for Florida State Seminoles : RHP Will Stevens
Batting: SHB Philippe Paquin 0-0: Ball
1-0: Called Strike
1-1: Fly out, F2 (Popup, 25F)
Batting: LHB Michael Wilson 0-0: Called Strike
0-1: SOLO HOME RUN (Flyball, 9LD), Distance : 317 ft
Batting: SHB Will Allen 0-0: Ball
1-0: Swinging Strike
1-1: Called Strike
1-2: Ball
2-2: Ball
3-2: Fly out, F4 (Popup, 4D)
Batting: RHB Jeff O'Day 0-0: Called Strike
0-1: Called Strike
0-2: Ball
1-2: Ball
2-2: Ball
3-2: Base on Balls
Batting: RHB José Lazu 0-0: Ball
1-0: Ball
2-0: Called Strike
2-1: Foul Ball, location: 2F
2-2: Foul Ball, location: 2F
2-2: Ball
3-2: Foul Ball, location: 2F
3-2: SINGLE (Groundball, 34) (infield hit)
Jeff O'Day to second
Batting: RHB Kris Brown 0-0: Foul Ball, location: 2F
0-1: Ground out 3-1 (Groundball, 34)
Top of the 16th over - 1 run, 2 hits, 0 errors, 2 left on base; Maryland 11 - Florida State 10
BOTTOM OF THE 16TH
Florida State Seminoles batting - Pitching for Maryland Terrapins : RHP Millard Jackson
Batting: RHB Harry Ray 0-0: Ball
1-0: Ball
2-0: Called Strike
2-1: Ball
3-1: Base on Balls
Batting: RHB António Costello 0-0: Bunted foul
0-1: Sac Bunt - play at first, batter OUT! 1-4
Harry Ray to second
Batting: RHB Gil Olson 0-0: Ball
1-0: Foul Ball, location: 2F
1-1: Ball
2-1: Foul Ball, location: 2F
2-2: Ball
3-2: Base on Balls
Pitching: RHP Nicholas Wright
Batting: RHB Pat Young 0-0: Ball
1-0: Ball
2-0: Ball
3-0: Called Strike
3-1: Called Strike
3-2: Strikes out swinging
Batting: LHB Millard Myers 0-0: Called Strike
0-1: Ball
1-1: Swinging Strike
1-2: Ball
2-2: Strikes out swinging
Bottom of the 16th over - 0 runs, 0 hits, 0 errors, 2 left on base; Maryland 11 - Florida State 10
Saturday, April 7th, 2018 - OOTP Baseball 18.8 Build 76